General information
- name: BNet
- type: Ladder team game (AT/RT)
- host: Battle.net
- saver: huwhytepower
map: Cherryville
- players: 8
- length: 35:31
- speed: Fast
- version: 1.27 W3XP
- replay type: Public
» download(230 KB)
Players
team 1 (loser)
CarryMeMore (
red | 34 APM | 1131 actions | 33:01)
6 Mountain King
3 Storm Bolt
2 Bash
1 Avatar
» actions
| Build / train | 84 | |
| Enter build submenu | 23 | |
| Enter hero's abilities submenu | 6 | |
| Give item / drop item | 3 | |
| Right click | 558 | |
| Select / deselect | 396 | |
| Use ability | 61 | |
1131 total
» units
| Peasant | 33 | |
| Rifleman | 15 | |
| Mortar Team | 7 | |
55 total
» upgrades
| Gunpowder | 2 | |
| Armor | 2 | |
| Long Rifles | 1 | |
5 total
» buildings
| Farm | 10 | |
| Altar of Kings | 1 | |
| Scout Tower | 1 | |
| Blacksmith | 1 | |
| Arcane Tower | 1 | |
| Barracks | 2 | |
| Arcane Vault | 1 | |
| Keep | 1 | |
| Town Hall | 3 | |
| Workshop | 2 | |
| Lumber Mill | 1 | |
24 total
» build order
00:21 Farm
00:37 Altar of Kings
01:00 Farm
01:36 Farm
01:45 Scout Tower
01:58 Blacksmith
02:14 Farm
02:16 Arcane Tower
02:51 Barracks
02:53 Barracks
02:58 Farm
03:41 Farm
04:49 Farm
05:09 Arcane Vault
06:29 Keep
07:27 Town Hall
11:30 Workshop
11:33 Workshop
11:56 Farm
12:00 Lumber Mill
12:52 Farm
13:31 Farm
23:03 Town Hall
25:07 Town Hall
» items
| Scroll of Regeneration | 4 | |
| Lesser Clarity Potion | 3 | |
| Potion of Healing | 4 | |
| Scroll of Town Portal | 2 | |
| Boots of Speed | 1 | |
| Potion of Mana | 1 | |
15 total
huwhytepower (
green | 53 APM | 1896 actions | 35:31)
6 Archmage
3 Summon Water Elemental
2 Brilliance Aura
1 Mass Teleport
» actions
| Assign group hotkey | 100 | |
| Basic commands | 237 | |
| Build / train | 101 | |
| Enter build submenu | 61 | |
| Enter hero's abilities submenu | 6 | |
| Give item / drop item | 4 | |
| Right click | 527 | |
| Select / deselect | 405 | |
| Select group hotkey | 288 | |
| Use ability | 167 | |
1896 total
» units
| Peasant | 13 | |
| Footman | 4 | |
| Goblin Shredder | 1 | |
| Gryphon Rider | 13 | |
| Goblin Sapper | 8 | |
| Goblin Zeppelin | 1 | |
40 total
» upgrades
| Masonry | 3 | |
| Swords | 3 | |
| Storm Hammers | 1 | |
| Armor | 3 | |
| Animal War Training | 1 | |
| Cloud | 1 | |
12 total
» buildings
| Altar of Kings | 1 | |
| Barracks | 1 | |
| Farm | 11 | |
| Scout Tower | 63 | |
| Arcane Tower | 1 | |
| Arcane Vault | 1 | |
| Lumber Mill | 1 | |
| Keep | 1 | |
| Town Hall | 4 | |
| Guard Tower | 28 | |
| Castle | 1 | |
| Gryphon Aviary | 4 | |
| Blacksmith | 2 | |
119 total
» build order
00:36 Altar of Kings
00:38 Barracks
00:50 Farm
00:59 Farm
01:06 Farm
01:36 Farm
02:00 Scout Tower
02:35 Arcane Tower
03:14 Arcane Vault
03:44 Lumber Mill
03:55 Keep
04:42 Town Hall
04:45 Scout Tower
04:45 Scout Tower
04:46 Scout Tower
04:46 Scout Tower
05:30 Guard Tower
05:31 Guard Tower
06:25 Castle
06:33 Guard Tower
06:39 Scout Tower
06:39 Scout Tower
08:16 Gryphon Aviary
08:17 Gryphon Aviary
08:17 Gryphon Aviary
08:19 Gryphon Aviary
08:21 Blacksmith
08:24 Blacksmith
08:27 Farm
09:07 Guard Tower
09:58 Scout Tower
09:58 Scout Tower
09:59 Scout Tower
10:00 Scout Tower
10:02 Scout Tower
10:03 Scout Tower
10:04 Scout Tower
10:05 Scout Tower
10:38 Guard Tower
10:39 Guard Tower
11:23 Guard Tower
13:00 Guard Tower
16:32 Farm
16:33 Farm
16:34 Farm
16:34 Farm
16:36 Farm
16:38 Farm
21:29 Scout Tower
21:29 Scout Tower
21:29 Scout Tower
21:30 Scout Tower
21:30 Scout Tower
21:30 Scout Tower
21:36 Scout Tower
21:36 Scout Tower
21:36 Scout Tower
21:37 Scout Tower
21:37 Scout Tower
21:40 Scout Tower
21:40 Scout Tower
21:40 Scout Tower
21:41 Scout Tower
21:42 Scout Tower
22:02 Town Hall
22:05 Town Hall
22:07 Scout Tower
22:08 Scout Tower
22:08 Scout Tower
22:08 Scout Tower
22:09 Scout Tower
22:10 Scout Tower
22:10 Scout Tower
22:11 Scout Tower
22:11 Scout Tower
22:12 Scout Tower
22:12 Scout Tower
22:12 Scout Tower
22:13 Scout Tower
22:39 Guard Tower
22:54 Guard Tower
22:57 Guard Tower
23:06 Guard Tower
23:06 Guard Tower
23:07 Guard Tower
23:07 Guard Tower
23:33 Guard Tower
23:35 Guard Tower
23:40 Guard Tower
26:08 Guard Tower
30:00 Town Hall
30:42 Scout Tower
30:42 Scout Tower
30:43 Scout Tower
30:45 Scout Tower
30:45 Scout Tower
30:46 Scout Tower
30:50 Scout Tower
30:50 Scout Tower
30:50 Scout Tower
30:51 Scout Tower
30:53 Scout Tower
30:55 Scout Tower
30:55 Scout Tower
30:56 Scout Tower
30:57 Scout Tower
30:57 Scout Tower
31:27 Guard Tower
31:27 Guard Tower
31:45 Guard Tower
31:46 Guard Tower
32:10 Guard Tower
32:33 Guard Tower
33:47 Guard Tower
» items
| Scroll of Regeneration | 3 | |
| Mechanical Critter | 2 | |
| Periapt of Vitality | 2 | |
| Staff of Teleportation | 1 | |
| Potion of Lesser Invulnerability | 1 | |
| Scroll of Protection | 1 | |
| Staff of Sanctuary | 1 | |
11 total
why7ate9 (
purple | 72 APM | 2374 actions | 32:56)
5 Archmage
3 Summon Water Elemental
2 Brilliance Aura
4 Mountain King
2 Storm Bolt
2 Bash
» actions
| Assign group hotkey | 40 | |
| Basic commands | 199 | |
| Build / train | 134 | |
| Enter build submenu | 40 | |
| Enter hero's abilities submenu | 9 | |
| Give item / drop item | 4 | |
| Remove unit from queue | 3 | |
| Right click | 854 | |
| Select / deselect | 501 | |
| Select group hotkey | 438 | |
| Use ability | 152 | |
2374 total
» units
| Peasant | 16 | |
| Footman | 9 | |
| Sorceress | 9 | |
| Priest | 4 | |
| Spell Breaker | 6 | |
| Mortar Team | 6 | |
| Flying Machine | 15 | |
65 total
» upgrades
| Masonry | 3 | |
| Lumber Harvesting | 2 | |
| Priest Training | 2 | |
| Sorceress Training | 2 | |
| Magic Sentry | 1 | |
| Plating | 3 | |
| Swords | 3 | |
| Control Magic | 1 | |
| Gunpowder | 3 | |
| Fragmentation Shards | 1 | |
| Flare | 1 | |
22 total
» buildings
| Altar of Kings | 1 | |
| Farm | 16 | |
| Barracks | 1 | |
| Arcane Vault | 2 | |
| Lumber Mill | 1 | |
| Scout Tower | 8 | |
| Keep | 3 | |
| Arcane Tower | 3 | |
| Town Hall | 4 | |
| Arcane Sanctum | 2 | |
| Guard Tower | 5 | |
| Blacksmith | 2 | |
| Castle | 1 | |
| Workshop | 2 | |
51 total
» build order
00:11 Altar of Kings
00:13 Farm
00:41 Farm
00:44 Farm
01:05 Barracks
01:28 Farm
01:47 Arcane Vault
01:52 Lumber Mill
02:24 Scout Tower
03:17 Keep
03:17 Keep
03:32 Farm
03:58 Arcane Tower
04:59 Scout Tower
05:01 Town Hall
05:24 Arcane Tower
05:25 Arcane Tower
05:59 Scout Tower
06:01 Scout Tower
06:02 Scout Tower
06:47 Arcane Sanctum
06:49 Arcane Sanctum
07:33 Guard Tower
09:02 Blacksmith
09:22 Blacksmith
09:28 Scout Tower
09:29 Scout Tower
09:31 Scout Tower
09:49 Farm
09:50 Farm
09:53 Castle
10:08 Guard Tower
10:33 Guard Tower
11:19 Arcane Vault
11:25 Guard Tower
15:04 Guard Tower
16:03 Farm
16:04 Farm
16:05 Farm
16:06 Farm
17:53 Farm
19:08 Workshop
19:14 Workshop
20:25 Farm
20:26 Farm
21:03 Farm
22:01 Farm
29:50 Town Hall
30:10 Town Hall
32:41 Town Hall
» items
| Lesser Clarity Potion | 1 | |
| Scroll of Regeneration | 2 | |
| Boots of Speed | 1 | |
| Potion of Lesser Invulnerability | 3 | |
7 total
towerdefence (
blue | 100 APM | 3525 actions | 35:07)
5 Priestess of the Moon
3 Trueshot Aura
2 Searing Arrows
5 Dark Ranger
3 Black Arrow
1 Silence
1 Life Drain
» actions
| Assign group hotkey | 24 | |
| Basic commands | 79 | |
| Build / train | 70 | |
| Enter build submenu | 21 | |
| Enter hero's abilities submenu | 10 | |
| Give item / drop item | 5 | |
| Right click | 1514 | |
| Select / deselect | 298 | |
| Select group hotkey | 1436 | |
| Use ability | 68 | |
3525 total
» units
| Wisp | 16 | |
| Archer | 23 | |
| Glaive Thrower | 2 | |
| Goblin Sapper | 1 | |
42 total
» upgrades
| Improved Bows | 1 | |
| Strength of the Moon | 3 | |
| Moon Armor | 3 | |
| Marksmanship | 1 | |
| Well Spring | 1 | |
| Ultravision | 1 | |
| Nature's Blessing | 1 | |
11 total
» buildings
| Moon Well | 7 | |
| Ancient of War | 2 | |
| Altar of Elders | 1 | |
| Ancient of Wonders | 1 | |
| Tree of Ages | 1 | |
| Hunter's Hall | 1 | |
| Tree of Eternity | 1 | |
| Tree of Life | 3 | |
| Ancient Protector | 4 | |
| Scout Tower | 2 | |
23 total
» build order
00:15 Moon Well
00:49 Ancient of War
01:04 Altar of Elders
01:31 Moon Well
02:31 Ancient of Wonders
03:05 Tree of Ages
03:58 Moon Well
04:26 Ancient of War
04:32 Hunter's Hall
05:42 Moon Well
06:24 Moon Well
08:28 Tree of Eternity
10:02 Moon Well
12:14 Tree of Life
18:45 Tree of Life
18:49 Moon Well
22:38 Ancient Protector
23:04 Ancient Protector
24:37 Tree of Life
25:40 Ancient Protector
25:42 Ancient Protector
33:55 Scout Tower
33:57 Scout Tower
» items
team 2 (winner)

»
rNz (
teal | 69 APM | 1059 actions | 15:23)
3 Death Knight
2 Death Coil
1 Unholy Aura
2 Lich
1 Frost Nova
1 Frost Armor
» actions
| Assign group hotkey | 34 | |
| Build / train | 43 | |
| Enter build submenu | 10 | |
| Enter hero's abilities submenu | 5 | |
| Right click | 390 | |
| Select / deselect | 207 | |
| Select group hotkey | 314 | |
| Use ability | 56 | |
1059 total
» units
| Acolyte | 7 | |
| Ghoul | 2 | |
| Crypt Fiend | 14 | |
23 total
» upgrades
» buildings
| Crypt | 1 | |
| Ziggurat | 4 | |
| Graveyard | 1 | |
| Altar of Darkness | 1 | |
| Tomb of Relics | 1 | |
| Spirit Tower | 2 | |
| Halls of the Dead | 1 | |
11 total
» build order
00:10 Crypt
00:13 Ziggurat
00:38 Graveyard
00:57 Altar of Darkness
01:26 Ziggurat
01:53 Tomb of Relics
02:38 Spirit Tower
04:10 Halls of the Dead
04:57 Ziggurat
11:10 Spirit Tower
12:59 Ziggurat
» items
| Scroll of Town Portal | 2 | |
| Potion of Healing | 2 | |
| Potion of Mana | 1 | |
| Rod of Necromancy | 1 | |
| Potion of Lesser Invulnerability | 1 | |
7 total
AndrewSucksDlck (
yellow | 95 APM | 3359 actions | 35:31)
9 Archmage
3 Summon Water Elemental
3 Brilliance Aura
2 Blizzard
1 Mass Teleport
» actions
| Assign group hotkey | 134 | |
| Basic commands | 84 | |
| Build / train | 203 | |
| ESC pressed | 1 | |
| Enter build submenu | 70 | |
| Enter hero's abilities submenu | 11 | |
| Give item / drop item | 5 | |
| Right click | 1077 | |
| Select / deselect | 380 | |
| Select group hotkey | 1146 | |
| Use ability | 248 | |
3359 total
» units
| Peasant | 13 | |
| Footman | 5 | |
| Goblin Shredder | 4 | |
| Gryphon Rider | 7 | |
| Sorceress | 1 | |
| Wisp | 4 | |
| Mortar Team | 7 | |
| Siege Engine | 2 | |
43 total
» upgrades
| Masonry | 3 | |
| Swords | 3 | |
| Armor | 3 | |
| Storm Hammers | 1 | |
| Animal War Training | 1 | |
| Cloud | 1 | |
| Sorceress Training | 2 | |
| Lumber Harvesting | 1 | |
| Well Spring | 1 | |
| Magic Sentry | 1 | |
| Fragmentation Shards | 1 | |
| Gunpowder | 3 | |
| Barrage | 1 | |
| Plating | 2 | |
24 total
» buildings
| Farm | 14 | |
| Altar of Kings | 2 | |
| Barracks | 1 | |
| Arcane Vault | 1 | |
| Lumber Mill | 1 | |
| Keep | 2 | |
| Town Hall | 3 | |
| Blacksmith | 1 | |
| Scout Tower | 33 | |
| Castle | 3 | |
| Guard Tower | 55 | |
| Gryphon Aviary | 4 | |
| Arcane Sanctum | 1 | |
| Workshop | 4 | |
| Cannon Tower | 11 | |
| Arcane Tower | 1 | |
| Moon Well | 6 | |
143 total
» build order
01:03 Farm
01:06 Farm
01:09 Altar of Kings
01:10 Barracks
01:16 Altar of Kings
01:45 Arcane Vault
01:49 Lumber Mill
01:57 Farm
02:05 Farm
04:11 Keep
04:11 Keep
04:43 Town Hall
05:57 Blacksmith
06:06 Farm
06:09 Scout Tower
06:10 Scout Tower
06:10 Scout Tower
06:11 Scout Tower
06:12 Scout Tower
06:12 Scout Tower
06:38 Castle
06:38 Castle
06:38 Castle
06:44 Guard Tower
06:44 Guard Tower
06:44 Guard Tower
07:09 Gryphon Aviary
07:11 Gryphon Aviary
07:13 Guard Tower
07:13 Guard Tower
07:14 Guard Tower
07:14 Guard Tower
07:14 Guard Tower
07:14 Guard Tower
07:16 Guard Tower
07:16 Guard Tower
07:20 Guard Tower
09:14 Scout Tower
09:16 Scout Tower
09:20 Scout Tower
09:21 Scout Tower
09:22 Scout Tower
09:51 Guard Tower
09:51 Guard Tower
09:51 Guard Tower
09:52 Guard Tower
09:54 Guard Tower
09:54 Guard Tower
09:54 Guard Tower
09:56 Guard Tower
09:56 Guard Tower
09:56 Guard Tower
09:59 Arcane Sanctum
10:05 Gryphon Aviary
10:09 Gryphon Aviary
11:49 Scout Tower
11:50 Scout Tower
11:54 Farm
11:55 Farm
11:57 Farm
12:22 Guard Tower
13:40 Farm
13:41 Farm
13:42 Scout Tower
13:43 Scout Tower
15:15 Guard Tower
16:04 Scout Tower
16:05 Scout Tower
16:05 Scout Tower
16:06 Scout Tower
16:07 Scout Tower
16:07 Scout Tower
16:08 Scout Tower
16:09 Scout Tower
16:13 Workshop
17:18 Cannon Tower
17:19 Cannon Tower
17:20 Guard Tower
17:20 Guard Tower
17:20 Guard Tower
17:21 Guard Tower
17:22 Cannon Tower
17:22 Cannon Tower
17:23 Guard Tower
17:23 Guard Tower
17:23 Guard Tower
17:24 Guard Tower
17:24 Guard Tower
17:24 Guard Tower
18:19 Moon Well
18:20 Moon Well
18:20 Moon Well
18:21 Moon Well
18:22 Moon Well
18:22 Moon Well
20:27 Scout Tower
20:28 Scout Tower
20:30 Scout Tower
20:35 Scout Tower
20:36 Scout Tower
20:37 Scout Tower
21:19 Cannon Tower
21:19 Cannon Tower
21:19 Cannon Tower
21:20 Cannon Tower
21:20 Cannon Tower
21:20 Guard Tower
21:20 Guard Tower
21:21 Guard Tower
21:28 Guard Tower
21:42 Workshop
22:12 Workshop
22:13 Workshop
22:25 Farm
22:26 Farm
22:27 Farm
22:28 Farm
26:38 Town Hall
26:41 Scout Tower
26:42 Scout Tower
26:43 Scout Tower
26:44 Scout Tower
28:22 Guard Tower
28:22 Guard Tower
32:46 Town Hall
» items
| Scroll of Regeneration | 10 | |
| Mechanical Critter | 7 | |
| Potion of Invisibility | 3 | |
| Periapt of Vitality | 2 | |
| Tome of Retraining | 1 | |
| Staff of Teleportation | 1 | |
| Scroll of Town Portal | 5 | |
| Potion of Healing | 3 | |
| Potion of Lesser Invulnerability | 1 | |
| Staff of Sanctuary | 1 | |
34 total
misspiggy (
pink | 52 APM | 779 actions | 14:57)
3 Keeper of the Grove
1 Force of Nature
2 Entangling Roots
1 Demon Hunter
1 Mana Burn
» actions
| Assign group hotkey | 26 | |
| Basic commands | 26 | |
| Build / train | 41 | |
| Enter build submenu | 18 | |
| Enter hero's abilities submenu | 4 | |
| Give item / drop item | 3 | |
| Right click | 342 | |
| Select / deselect | 212 | |
| Select group hotkey | 61 | |
| Use ability | 46 | |
779 total
» units
| Wisp | 14 | |
| Archer | 10 | |
| Huntress | 4 | |
| Chimaera | 1 | |
29 total
» upgrades
» buildings
| Altar of Elders | 1 | |
| Moon Well | 6 | |
| Ancient of War | 1 | |
| Tree of Ages | 1 | |
| Ancient of Wonders | 1 | |
| Tree of Eternity | 1 | |
| Hunter's Hall | 1 | |
| Ancient of Wind | 2 | |
| Chimaera Roost | 3 | |
| Ancient Protector | 2 | |
19 total
» build order
00:04 Altar of Elders
00:08 Moon Well
00:10 Ancient of War
02:04 Moon Well
02:58 Tree of Ages
03:20 Moon Well
03:37 Ancient of Wonders
04:09 Moon Well
05:08 Moon Well
05:35 Tree of Eternity
06:47 Hunter's Hall
07:39 Ancient of Wind
09:15 Ancient of Wind
09:26 Moon Well
11:10 Chimaera Roost
11:15 Chimaera Roost
11:52 Chimaera Roost
12:49 Ancient Protector
12:55 Ancient Protector
» items
| Boots of Speed | 1 | |
| Scroll of Speed | 1 | |
| Healing Salve | 1 | |
3 total
The.hunter (
orange | 34 APM | 516 actions | 15:00)
3 Blademaster
1 Wind Walk
2 Mirror Image
1 Shadow Hunter
1 Healing Wave
1 Far Seer
1 Feral Spirit
» actions
| Assign group hotkey | 9 | |
| Build / train | 58 | |
| Enter build submenu | 20 | |
| Enter hero's abilities submenu | 5 | |
| Right click | 207 | |
| Select / deselect | 145 | |
| Select group hotkey | 11 | |
| Use ability | 61 | |
516 total
» units
| Peon | 24 | |
| Grunt | 2 | |
| Troll Headhunter/Berserker | 3 | |
| Kobold Geomancer | 1 | |
| Wind Rider | 2 | |
| Shaman | 4 | |
| Tauren | 2 | |
38 total
» upgrades
| Shaman Training | 2 | |
| Spirit Walker Training | 3 | |
| Berserker Upgrade | 1 | |
6 total
» buildings
| Altar of Storms | 1 | |
| Orc Burrow | 6 | |
| Barracks | 1 | |
| Voodoo Lounge | 1 | |
| War Mill | 2 | |
| Stronghold | 1 | |
| Great Hall | 1 | |
| Fortress | 1 | |
| Watch Tower | 11 | |
| Spirit Lodge | 1 | |
| Beastiary | 1 | |
| Tauren Totem | 2 | |
29 total
» build order
00:12 Altar of Storms
00:23 Orc Burrow
00:39 Barracks
01:23 Voodoo Lounge
01:50 War Mill
02:06 Orc Burrow
03:06 Stronghold
04:21 Orc Burrow
05:23 Great Hall
05:43 Fortress
06:05 Watch Tower
06:05 Watch Tower
06:06 Watch Tower
06:06 Watch Tower
06:07 Watch Tower
06:07 Watch Tower
06:09 Watch Tower
06:09 Watch Tower
06:10 Watch Tower
06:11 Watch Tower
06:11 Watch Tower
06:41 Spirit Lodge
06:51 Beastiary
07:40 Orc Burrow
09:24 War Mill
11:25 Tauren Totem
11:28 Tauren Totem
11:38 Orc Burrow
11:45 Orc Burrow
» items
| Healing Salve | 3 | |
| Scroll of Town Portal | 1 | |
4 total
Chat log
(00:23 / Allies) why7ate9: units?
(00:27 / Allies) CarryMeMore: rifles
(00:35 / Allies) why7ate9: ill go casters
(08:50 / Allies) why7ate9: meet up?
(15:00 / All) why7ate9: gg
(15:27 / All) CarryMeMore: noobs
(16:28 / All) CarryMeMore: terrible yellow
(16:32 / All) AndrewSucksDlck: ?
(16:52 / All) AndrewSucksDlck: You just lost every mortar almost for free LOL
(16:53 / All) CarryMeMore: pretty lame
(16:58 / All) AndrewSucksDlck: and call me bad
(17:00 / All) CarryMeMore: u just lost game
(17:01 / All) CarryMeMore: noob
(17:05 / All) AndrewSucksDlck: nah
(17:09 / All) AndrewSucksDlck: you lost when you got in it
(17:17 / All) CarryMeMore: lol
(17:20 / All) CarryMeMore: ur so stupid
(17:33 / All) CarryMeMore: run more
(18:05 / All) CarryMeMore: so much running
(18:07 / All) huwhytepower: having cough attack
(18:11 / Allies) huwhytepower: soz
(18:29 / All) AndrewSucksDlck: nice base, newbie
(18:34 / All) CarryMeMore: u still trying
(18:37 / All) CarryMeMore: ur so cute
(18:49 / All) CarryMeMore: run again
(18:52 / All) CarryMeMore: LOL
(18:56 / All) AndrewSucksDlck: that was free
(18:57 / All) AndrewSucksDlck: I have mass tp
(19:00 / All) AndrewSucksDlck: LOL
(19:01 / All) AndrewSucksDlck: yet
(19:04 / All) AndrewSucksDlck: it costed you gold
(19:04 / All) CarryMeMore: so?
(19:08 / All) CarryMeMore: i just say run
(19:11 / All) CarryMeMore: like you did
(19:16 / All) AndrewSucksDlck: hmm
(20:10 / All) CarryMeMore: lol
(20:12 / All) CarryMeMore: owned
(20:17 / All) AndrewSucksDlck: lol
(20:20 / All) AndrewSucksDlck: you're getting owned
(20:24 / All) AndrewSucksDlck: you never had a chance
(20:24 / All) CarryMeMore: really
(20:27 / All) CarryMeMore: ur winning?
(20:31 / All) AndrewSucksDlck: YES LOL
(20:34 / All) CarryMeMore: lol
(21:49 / All) CarryMeMore: nice tp
(21:57 / All) AndrewSucksDlck: thanks
(22:01 / All) AndrewSucksDlck: appreciate your compliments
(22:05 / All) CarryMeMore: bye bye base
(22:17 / All) AndrewSucksDlck: bye bye your army
(22:20 / All) AndrewSucksDlck: when u attack it
(22:27 / All) CarryMeMore: perhaps I just wont
(22:30 / All) CarryMeMore: have fun
(22:38 / All) AndrewSucksDlck: giving up, newbie?
(22:42 / All) CarryMeMore: we won
(22:45 / All) AndrewSucksDlck: no
(22:49 / All) towerdefence: awwwww
(23:32 / All) CarryMeMore: lol
(23:48 / All) CarryMeMore: incoming noob
(24:14 / All) AndrewSucksDlck: outcoming noob
(24:20 / All) CarryMeMore: really
(24:21 / All) CarryMeMore: lol
(24:40 / All) AndrewSucksDlck: nice rifles
(24:41 / All) AndrewSucksDlck: owned lol
(24:48 / All) CarryMeMore: have 20 more at base
(24:54 / All) AndrewSucksDlck: no you have 22 food
(24:57 / Allies) why7ate9: green?
(24:58 / All) AndrewSucksDlck: I call bluff
(24:59 / Allies) why7ate9: wtf?
(25:06 / Allies) why7ate9: green why tk
(25:18 / Allies) CarryMeMore: green taking
(25:20 / Allies) why7ate9: wtf man
(25:20 / Allies) CarryMeMore: kill him
(25:28 / Allies) why7ate9: what are you doing
(25:38 / Allies) why7ate9: why
(25:46 / Allies) CarryMeMore: blue and green
(26:00 / Allies) why7ate9: ..
(26:09 / Allies) CarryMeMore: blue and purp
(26:12 / Allies) CarryMeMore: kill green
(26:25 / Allies) why7ate9: aight
(26:25 / Allies) why7ate9: omw
(26:32 / Allies) why7ate9: grreen why though'
(26:41 / Allies) towerdefence: probably his buddy
(26:46 / Allies) why7ate9: wtf
(26:52 / All) AndrewSucksDlck: too many peasants on gold
(26:54 / All) AndrewSucksDlck: I fix it for you red
(27:39 / Allies) CarryMeMore: purp
(27:40 / Allies) towerdefence: use your gold purple
(27:45 / All) AndrewSucksDlck: how's it going newbie?
(27:55 / All) AndrewSucksDlck: thoughtr you had 20 more at base
(28:04 / All) AndrewSucksDlck: looks like you just started building
(29:23 / Allies) why7ate9: get aa
(29:25 / Allies) why7ate9: for green
(30:20 / Allies) why7ate9: this is so retarded
(30:27 / Allies) huwhytepower: no it's not it's fun!
(31:36 / All) towerdefence: cant win alone hey ywllo
(31:40 / All) towerdefence: giot to cheat like usual
(31:41 / All) AndrewSucksDlck: watch me
(31:55 / All) AndrewSucksDlck: lol
(31:56 / All) towerdefence: please you have green on your side bs us if not this would be over a long time ago
(32:38 / All) AndrewSucksDlck: hmm
(32:51 / All) why7ate9: so done
(32:54 / All) why7ate9: this game stupid af
(33:04 / All) AndrewSucksDlck: LOL
(33:07 / All) huwhytepower: Raped
(33:12 / All) towerdefence: ya sure
(33:14 / All) AndrewSucksDlck: Notice red talked shit until he got tked
(33:17 / All) AndrewSucksDlck: he instantly stopped then
(33:20 / All) AndrewSucksDlck: and shut his stupid mouth
(33:22 / All) towerdefence: wonder why kid
(33:30 / All) huwhytepower: I raped you easy
(33:43 / All) towerdefence: grow up lol
(34:13 / All) towerdefence: all good wrote your name down woot lol
(34:16 / All) huwhytepower: raped
(34:26 / All) huwhytepower: last game I play on this account
(34:26 / All) huwhytepower: mad?
(34:42 / All) towerdefence: I have ip address moron ill know all your account any time you are one
(34:47 / All) huwhytepower: Sure you do LOL
(34:47 / All) AndrewSucksDlck: LOL
(34:49 / All) huwhytepower: what's my IP then
(34:50 / All) towerdefence: ip reader moron
(34:53 / All) huwhytepower: K
(34:55 / All) huwhytepower: what's my IP then
(34:56 / All) AndrewSucksDlck: my ip is 127.0.0.1
(34:57 / All) AndrewSucksDlck: hack me
(35:02 / All) towerdefence: racist addhole
(35:07 / All) huwhytepower: lol
(35:14 / All) huwhytepower: fucking dominated lol
(35:16 / All) AndrewSucksDlck: that was hilarious
(35:21 / All) huwhytepower: I say they lose lol
(35:25 / All) huwhytepower: fucking cowards